 Dungeon Crawl Stone Soup version 0.27-a0-732-ga892ba84f6 (webtiles) character file.

Game seed: 15413438582819746850

270 night the Magician (level 6, -3/46 HPs)
             Began as a Djinni Ice Elementalist on Mar 23, 2021.
             Was an Initiate of Makhleb.
             Slain by an orc
             ... wielding a +2 whip of draining
              (9 damage)
             ... on level 4 of the Dungeon.
             The game lasted 00:11:33 (4631 turns).

night the Magician (Djinni Ice Elementalist)        Turns: 4631, Time: 00:11:34

Health: -3/46      AC:  2    Str:  8    XL:     6   Next: 22%
Magic:  0/0        EV: 12    Int: 18    God:    Makhleb [......]
Gold:   95         SH:  5    Dex: 13    Spells: 0/14 levels left

rFire    + + .     SeeInvis .   j - +0 short sword (flame)
rCold    x . .     Faith    .   (no shield)
rNeg     . . .     Spirit   .   a - +0 robe
rPois    ∞         Reflect  +   (no helmet)
rElec    .         Harm     .   (no cloak)
rCorr    .         Rampage  .   (no gloves)
Will     .....                  (boots unavailable)
Stlth    ++........             k - amulet of reflection
HPRegen  0.15/turn              (no ring)
MPRegen  0.00/turn              (no ring)

@: flying
A: fire resistance 2, cold vulnerability 1, float, innate caster, hp casting,
extra vitality 1
a: Renounce Religion


You were on level 4 of the Dungeon.
You worshipped Makhleb.
Makhleb was noncommittal.
You visited 2 branches of the dungeon, and saw 6 of its levels.

You collected 95 gold pieces.

Inventory:

Hand Weapons
 j - a +0 short sword of flaming (weapon)
Missiles
 c - 2 atropa-tipped darts
 e - 30 arrows
 f - 110 stones
 r - 21 sling bullets
Armour
 a - a +0 robe (worn)
 g - a +0 scale mail
 h - a +0 ring mail
Jewellery
 k - an amulet of reflection (around neck)
Wands
 p - a wand of polymorph (12)
Potions
 d - a potion of curing
 i - 2 potions of magic {unknown}
 m - a potion of attraction {unknown}
 s - 2 potions of mutation


   Skills:
 + Level 3.1 Fighting
 + Level 3.2 Armour
 - Level 2.1 Dodging
 - Level 1.5 Stealth
 + Level 4.6 Spellcasting


You couldn't memorise any spells.
You knew the following spells:

 Your Spells              Type           Power      Damage    Failure   Level
a - Freeze                Ice            84%        1d10      1%          1
b - Frozen Ramparts       Ice            42%        1d6       6%          3
c - Ozocubu's Armour      Ice            21%        N/A       6%          3
d - Hailstorm             Conj/Ice       21%        3d6       21%         4
e - Summon Ice Beast      Ice/Summ       21%        N/A       21%         4
f - Swiftness             Air            21%        N/A       3%          2
Your spell library was empty.

Dungeon Overview and Level Annotations

Branches:
Dungeon (5/15)             Temple (1/1) D:4

Altars:
Ashenzari
Cheibriados
Fedhas
Gozag
Hepliaklqana
Kikubaaqudgha
Makhleb
Nemelex Xobeh
Okawaru
Ru
Sif Muna
Trog
Vehumet
Wu Jian
Xom
Yredelemnul
The Shining One

Shops:
D:3 [   D:4 ?


Innate Abilities, Weirdness & Mutations

You are immune to poison.
Your flesh is very heat resistant. (rF++)
You are vulnerable to cold. (rC-)
You float through the air rather than walking.
You learn spells naturally, not from books.
Your magical power is your life essence.
You have superior vitality. (+4 HP)


Message History

You feel aware of your surroundings.
It was a scroll of magic mapping.
As you read the scroll labelled HUCOMYO PEHE, it crumbles to dust.
You feel strangely unstable.
It was a scroll of teleportation.
As you read the scroll labelled ACOPUT UTO QEE, it crumbles to dust.
It is a scroll of brand weapon.
Your +0 short sword is engulfed in flames!
j - a +0 short sword of flaming (weapon)
As you read the scroll labelled CESTECA WUIFUR, it crumbles to dust.
It is a scroll of identify.
s - 2 potions of mutation
Okay, then.
You reach down and open the door.
Your surroundings suddenly seem different.
An orc comes into view. It is wielding a +2 whip of draining.
The orc shouts!
An orc comes into view. It is wielding a +1 dagger of draining.
The orc shouts!
An orc priest comes into view. It is wielding a +0 dagger.
The orc priest shouts!
The orc priest mumbles some strange prayers to Beogh against you.
Pain shoots through your body!
The orc hits you with a +1 dagger of draining.
An orc wizard comes into view. It is wielding a +0 dagger.
Found 13 gold pieces.
The orc priest invokes the aid of Beogh against you.
Beogh smites you!
* * * LOW HITPOINT WARNING * * *
The orc hits you with a +2 whip of draining.
* * * LOW HITPOINT WARNING * * *
It was a potion of curing.
You feel better. The orc closely misses you.
The orc hits you with a +2 whip of draining.
* * * LOW HITPOINT WARNING * * *
The orc wizard gestures at you while chanting.
The magic dart hits you.
* * * LOW HITPOINT WARNING * * *
You feel better.
The orc hits you with a +1 dagger of draining.
* * * LOW HITPOINT WARNING * * *
The orc hits you with a +2 whip of draining!
You die...

....>.....##.# *,,,,,,,,,,#..
.#....##.....# *,,,,,,,,,,#.#
#....#..#.##.### *,,,,,,,,,,#.#
#..#.#.........# *,,,,,,,,,,#.#
.##...#...##.#.# ******######.#
.......†.....#.# #<.....#
.....#.......#.#########*########
.###.###.#.#.#..........,* ....<#
#.#.#.#..@o######.*
####.#*#.#..,+..ooo......** #
#.#,...#..#...........,* #
*#+#,,..*,.#...........,*
###..,,,,,*,,#.......$...,*
......,*,***>####.$......,*
##....,*,* *** #........,*
**,...,,,* #........,* ,,,,,.,***
#........,*


You could see an orc priest, an orc wizard and 2 orcs.

Vanquished Creatures
  An ogre (D:4)
  An orc priest (D:4)
  A worker ant (D:5)
  5 adders
  An adder zombie (D:5)
  A worm (D:3)
  A dart slug (D:3)
  5 orcs
  5 ball pythons
  4 bats
  6 giant cockroaches
  5 goblins
  3 hobgoblins
  12 jackals
  5 kobolds
  6 oozes
  2 quokkas (D:3)
  3 frilled lizards
  9 rats
76 creatures vanquished.

Notes
Turn   | Place    | Note
-------+----------+-------------------------------------------
     0 | D:1      | night the Djinni Ice Elementalist began the quest for the
                  | Orb.
     0 | D:1      | Reached XP level 1. HP: 15/15 MP: 0/0
   539 | D:1      | Reached XP level 2. HP: 20/22 MP: 0/0
   831 | D:1      | Reached skill level 1 in Armour
   833 | D:1      | Reached skill level 1 in Fighting
  1734 | D:2      | Reached XP level 3. HP: 20/27 MP: 0/0
  1860 | D:2      | Reached skill level 4 in Spellcasting
  2491 | D:3      | Reached XP level 4. HP: 31/33 MP: 0/0
  2534 | D:3      | Reached skill level 2 in Armour
  2599 | D:3      | Reached skill level 2 in Fighting
  2871 | D:3      | Found an ornate altar of the Wu Jian Council.
  2970 | D:3      | Found Fasygiec's Armour Shoppe.
  3452 | D:3      | Reached XP level 5. HP: 30/38 MP: 0/0
  3452 | D:3      | Learned a level 2 spell: Swiftness
  3735 | D:4      | You are sucked into a shaft and drop 1 floor!
  3735 | D:5      | Entered Level 5 of the Dungeon
  3889 | D:4      | Found a staircase to the Ecumenical Temple.
  3896 | D:4      | HP: 3/39 [orc priest/divine providence (16)]
  4276 | Temple   | Entered the Ecumenical Temple
  4384 | Temple   | Became a worshipper of Makhleb the Destroyer
  4499 | D:4      | Noticed an ogre
  4514 | D:4      | Killed an ogre
  4515 | D:4      | Reached XP level 6. HP: 34/46 MP: 0/0
  4609 | D:4      | Found Gyconus's Magic Scroll Emporium.
  4630 | D:4      | HP: 4/46 [orc wizard/magic dart (4)]
  4631 | D:4      | Slain by an orc

Illustrated notes

Levels and vault maps discovered:
D:1:      kennysheep_arrival_seaside, layout_loops_corners
D:2:      layout_rooms, led_sif_pool
D:3:      layout_basic, nicolae_wu_jian_immortal_techniques,
          portal_sewer_entry_e, serial_shops, shop_fountains
D:4:      layout_basic, minmay_temple_entry_mini_moons, serial_shops,
          nicolae_shop_window_shopping, nrook_uturn
D:5:      layout_basic
Temple:   compressed_dpeg_circular_temple

Skill      XL: |  1  2  3  4  5 |
---------------+----------------+-----
Armour         | 1 2 3 |  3.2
Fighting       | 1 2 3 |  3.1
Spellcasting   | 4 |  4.6
Dodging        | |  2.1
Stealth        | |  1.5

Action                   |  1- 3 |  4- 6 || total
-------------------------+-------+-------++-------
Melee: Unarmed           |     2 |       ||     2
       Short sword       |    14 |    26 ||    40
 Cast: Freeze            |    35 |    23 ||    58
       Frozen Ramparts   |     5 |    11 ||    16
       Ozocubu's Armour  |     2 |     2 ||     4
  Use: Scroll            |       |     5 ||     5
       Potion            |       |     2 ||     2
 Stab: Sleeping          |       |     5 ||     5
Armor: Robe              |    16 |     2 ||    18
Dodge: Dodged            |    20 |    26 ||    46
Block: Other             |     5 |    10 ||    15

Table legend: (Time is in decaauts)
 A = Elapsed time spent in this place.
 B = Non-inter-level travel time spent in this place.
 C = Inter-level travel time spent in this place.
 D = Time resting spent in this place.
 E = Time spent auto-exploring this place.
 F = Levels seen in this place.
 G = Mean time per level.
                   A        B        C        D        E       F      G
               +--------+--------+--------+--------+--------+-----+--------+
         Total |   4634 |   4393 |    241 |    675 |   3232 |   6 |  772.3 |
       Dungeon |   4505 |   4295 |    210 |    675 |   3136 |   5 |  901.0 |
        Temple |    128 |     97 |     31 |      0 |     96 |   1 |  128.0 |
               +--------+--------+--------+--------+--------+-----+--------+

Top non-repeatable levels by time:
     D:1: 1664 daAuts
     D:3: 1244 daAuts
     D:2: 781 daAuts
     D:4: 687 daAuts
  Temple: 128 daAuts
     D:5: 128 daAuts
